 Dungeon Crawl Stone Soup version 0.30.0-19-g36f170ea60 (webtiles) character file.

Game seed: 12841192479262871247

3907 loir the Spear-Bearer (level 10, -3/82 HPs)
             Began as a Merfolk Gladiator on May 31, 2023.
             Was a Follower of Okawaru.
             Slain by a tentacled starspawn (30 damage)
             ... on level 2 of the Abyss.
             The game lasted 00:36:02 (7490 turns).

loir the Spear-Bearer (Merfolk Gladiator)           Turns: 7490, Time: 00:36:03

Health: -3/82      AC:  9    Str: 20    XL:     10   Next: 20%
Magic:  10/10      EV: 18    Int:  7    God:    Okawaru [*.....]
Gold:   354        SH:  5    Dex: 18    Spells: 9/9 levels left

rFire   + . .        a - +2 trident (drain)
rCold   + . .        l - +0 buckler
rNeg    . . .        b - +0 leather armour
rPois   .            c - +1 helmet
rElec   .            u - +0 cloak
rCorr   .            v - +2 pair of gloves {Dex+3}
SInv    .            (no boots)
Will    .....        (no amulet)
Stlth   +            r - ring of protection from cold
HPRegen 0.33/turn    w - ring of protection from fire
MPRegen 0.12/turn

%: no passive effects
@: no status effects
A: (nimble swimmer 2), mertail
a: Renounce Religion, Heroism


You were on level 2 of the Abyss.
You worshipped Okawaru.
Okawaru was aware of your devotion.
You visited 2 branches of the dungeon, and saw 10 of its levels.
You visited the Abyss 1 time.

You collected 410 gold pieces.
You spent 56 gold pieces at shops.

Inventory:

Hand Weapons
 a - a +2 trident of draining (weapon)
 h - a +0 spear of flaming
Missiles
 f - 20 silver boomerangs (quivered)
 n - 10 boomerangs
 q - 3 throwing nets
 t - 3 poisoned darts
Armour
 b - a +0 leather armour (worn)
 c - a +1 helmet (worn)
 i - a +0 pair of gloves
 l - a +0 buckler (worn)
 u - a +0 cloak (worn)
 v - a +2 pair of gloves of dexterity (worn)
 y - the +2 cloak "Piapt" {*Corrode Int+7}
   (You found it on level 7 of the Dungeon)

   Int:       It affects your intelligence (+7).
   *Corrode:  It may corrode you when you take damage.
Jewellery
 r - a ring of protection from cold (left hand)
 w - a ring of protection from fire (right hand)
 x - a ring of resist corrosion
 z - a ring of wizardry
Wands
 d - a wand of flame (23)
Scrolls
 m - a scroll of fog
 B - 3 scrolls of magic mapping
 E - a scroll of enchant weapon
Potions
 g - 2 potions of brilliance
 j - 4 potions of ambrosia
 k - 4 potions of curing
 o - 2 potions of mutation
 p - 2 potions of flight {unknown}
 s - 2 potions of magic {unknown}
 A - a potion of might
 D - 2 potions of berserk rage {unknown}
 F - a potion of lignification {unknown}


   Skills:
 * Level 8.5 Fighting
 * Level 10.7 Polearms
 + Level 5.6 Throwing
 * Level 10.6 Dodging
 + Level 2.5 Shields


You had 9 spell levels left.
You didn't know any spells.
Your spell library contained the following spells:

 Spells                   Type           Power      Damage    Failure   Level
 Sublimation of Blood     Necr           0%         N/A       71%         2
 Petrify                  Tmut/Erth      0%         N/A       100%        4
 Blade Hands              Tmut           0%         N/A       100%        5
 Irradiate                Conj/Tmut      0%         3d11      100%        5
 Iron Shot                Conj/Erth      0%         9d1       100%        6
 Animate Armour           Summ/Erth      Unusable   N/A       N/A         4

Dungeon Overview and Level Annotations

Branches:
Dungeon (9/15)             Temple (1/1) D:7
   Lair: D:8-11         Orc: D:9-12

Altars:
Cheibriados
Elyvilon
Fedhas
Kikubaaqudgha
Nemelex Xobeh
Okawaru
Qazlal
Ru
Sif Muna
Trog
Uskayaw
Vehumet
Xom
Yredelemnul

Shops:
D:3 ?   D:5 [

Annotations:
D:9 Erolcha


Innate Abilities, Weirdness & Mutations

((You are very nimble when in or above water. (Stealth+, EV+, Speed+++)))
Your lower body shifts to a powerful aquatic tail in water.


Message History

The tentacled starspawn bites you but does no damage.
The tentacled starspawn tentacle-slaps you but does no damage.
The starspawn tentacle grabs you. The starspawn tentacle constricts you.
You puncture the tentacled starspawn!
The starspawn tentacle loses its grip on you.
The tentacled starspawn is severely damaged.
You block the tentacled starspawn's attack.
The tentacled starspawn tentacle-slaps you.
The starspawn tentacle grabs you. The starspawn tentacle constricts you.
You puncture the tentacled starspawn!
The starspawn tentacle loses its grip on you.
The tentacled starspawn is almost destroyed.
The tentacled starspawn bites you!
The tentacled starspawn tentacle-slaps you but does no damage.
The starspawn tentacle misses you. The starspawn tentacle grabs you.
The starspawn tentacle constricts you.
You hit the tentacled starspawn.
The starspawn tentacle loses its grip on you.
The tentacled starspawn is almost destroyed.
The tentacled starspawn closely misses you. x2
The starspawn tentacle grabs you. The starspawn tentacle constricts you.
You barely miss the tentacled starspawn.
The starspawn tentacle loses its grip on you.
The tentacled starspawn is almost destroyed.
The tentacled starspawn misses you.
The tentacled starspawn barely misses you.
You hit the tentacled starspawn but do no damage.
The tentacled starspawn is almost destroyed.
The starspawn tentacle barely misses you.
The starspawn tentacle closely misses you.
You puncture the tentacled starspawn!
The tentacled starspawn is almost destroyed.
The tentacled starspawn bites you but does no damage.
The tentacled starspawn tentacle-slaps you but does no damage.
The starspawn tentacle grabs you. The starspawn tentacle constricts you.
You hit the tentacled starspawn but do no damage.
The starspawn tentacle loses its grip on you.
The tentacled starspawn is almost destroyed.
The tentacled starspawn bites you!!
You die...

.###....
..#.... # .#..#
#.##. ...## ##
..#._.#...##.#.
.. ......... .
.. .#....#
......#.@.# .
......wXw.# ..
........_..#. .
.........(.....
...####...##...
. . # ##...#
..# .
.......... ....
.... . ......
..# ... ... ..
.....


You could see a tentacled starspawn and 2 starspawn tentacles.

Vanquished Creatures
  Pikel (D:4)
  5 yaks
  A wyvern (D:7)
  A steam dragon (D:8)
  A water moccasin (D:7)
  An orc warrior (D:8)
  2 ice beasts
  A black bear (D:6)
  A sky beast (D:7)
  An ogre (D:6)
  A centaur (D:8)
  A lemure (D:4)
  2 phantoms
  2 kobold brigands (D:8)
  A bullfrog (D:7)
  A gnoll sergeant (D:6)
  5 scorpions
  6 killer bees (D:7)
  A howler monkey (D:7)
  A lava snake (D:8)
  Crazy Yiuf (D:6)
  A jelly (D:5)
  4 orc priests
  2 hounds
  Jessica (D:2)
  An iguana (D:6)
  3 sleepcaps (D:7)
  3 orc wizards
  3 gnolls
  10 adders
  A shadow imp (D:6)
  2 ufetubi
  8 worms
  3 dart slugs
  18 orcs
  8 ball pythons
  7 endoplasms
  4 giant cockroaches
  8 goblins
  12 hobgoblins
  6 quokkas
  6 bats
  4 frilled lizards
  14 kobolds
  10 rats
  A spectral kobold (D:2)
  A spectral orc (D:4)
178 creatures vanquished.

Notes
Turn   | Place    | Note
-------+----------+-------------------------------------------
     0 | D:1      | loir the Merfolk Gladiator began the quest for the Orb.
     0 | D:1      | Reached XP level 1. HP: 16/16 MP: 1/1
    37 | D:1      | Reached XP level 2. HP: 11/23 MP: 2/2
   365 | D:1      | Reached XP level 3. HP: 27/28 MP: 3/3
   884 | D:2      | Found a faded altar of an unknown god.
   979 | D:2      | Reached XP level 4. HP: 7/35 MP: 4/4
  1235 | D:2      | Found a radiant altar of Vehumet.
  1302 | D:2      | Reached skill level 5 in Dodging
  1408 | D:2      | Reached skill level 5 in Polearms
  1434 | D:2      | Noticed Jessica
  1437 | D:2      | Killed Jessica
  1444 | D:2      | Reached XP level 5. HP: 40/41 MP: 5/5
  1876 | D:3      | Found Bineamno's Magic Scroll Shop.
  1888 | D:3      | Bought a scroll of identify for 28 gold pieces
  1888 | D:3      | Bought a scroll of identify for 28 gold pieces
  2522 | D:4      | Noticed a phantom
  2551 | D:4      | Killed a phantom
  2552 | D:4      | Reached XP level 6. HP: 39/48 MP: 6/6
  2659 | D:4      | Noticed Pikel
  2688 | D:4      | Killed Pikel
  2689 | D:4      | Reached skill level 5 in Fighting
  2689 | D:4      | Reached XP level 7. HP: 28/56 MP: 7/7
  3031 | D:4      | Found a sacrificial altar of Ru.
  3156 | D:4      | Found a basalt altar of Yredelemnul.
  3344 | D:5      | Entered Level 5 of the Dungeon
  3535 | D:5      | Reached XP level 8. HP: 54/63 MP: 8/8
  3997 | D:5      | Found Duotaett's Armour Boutique.
  4725 | D:6      | Reached XP level 9. HP: 59/71 MP: 9/9
  4789 | D:6      | Found a white marble altar of Elyvilon.
  4861 | D:6      | Found a runed translucent door.
  4864 | D:6      | Noticed Crazy Yiuf
  4871 | D:6      | Killed Crazy Yiuf
  4938 | D:6      | Found a radiant altar of Vehumet.
  4999 | D:6      | Identified a scroll of acquirement
  4999 | D:6      | Acquired a +2 pair of gloves of dexterity
  5532 | D:7      | Reached skill level 5 in Throwing
  5539 | D:7      | Identified the +2 cloak "Piapt" {*Corrode Int+7}
  5550 | D:7      | Found a hide-covered altar of Uskayaw.
  5582 | D:7      | Reached skill level 1 in Shields
  5646 | D:7      | Found a stormy altar of Qazlal.
  5672 | D:7      | Found a staircase to the Ecumenical Temple.
  5681 | Temple   | Entered the Ecumenical Temple
  5784 | Temple   | Became a worshipper of Warmaster Okawaru
  6511 | D:8      | Found a shimmering blue altar of Sif Muna.
  6692 | D:8      | Reached skill level 10 in Polearms
  6738 | D:8      | Reached skill level 10 in Dodging
  6949 | D:8      | Reached * piety under Okawaru
  7227 | D:8      | Reached XP level 10. HP: 72/80 MP: 10/10
  7460 | D:9      | Noticed Erolcha
  7460 | Abyss:2  | Found a corrupted altar of Lugonu.
  7460 | Abyss:2  | Cast into level 2 of the Abyss (Erolcha)
  7463 | Abyss:2  | Found a broken altar of Ashenzari.
  7469 | Abyss:2  | Noticed a tentacled starspawn
  7490 | Abyss:2  | Slain by a tentacled starspawn

Illustrated notes

Levels and vault maps discovered:
D:1:      tarquinn_simple_flora_water_f, layout_rooms
D:2:      layout_loops_corners, dreamdust_ecumenical_altar_drowned_temple,
          basic_altar, uniq_jessica
D:3:      layout_rooms, serial_shops, shop
D:4:      layout_basic, nicolae_ru_path_of_blood,
          yredelemnul_forgotten_temple_becter, uniq_pikel
D:5:      layout_rooms, serial_shops, kennysheep_little_box, nicolae_wormholes
D:6:      layout_rooms, elyvilon_altar_5, lemuel_doored_altar,
          portal_sewer_entry_a, uniq_crazy_yiuf_cottage
D:7:      layout_loops_ring, mainiacjoe_overflow_chevrons,
          nicolae_qazlal_scattered_showers, minmay_temple_entry_hall,
          minmay_checkerbox
D:8:      layout_basic, pf_just_have_faith, kennysheep_doodads,
          minmay_unpleasant_kobolds
D:9:      layout_gridville, lemuel_crystal_altar, serial_shops, shop,
          serial_bayou_ford_a, uniq_erolcha
Temple:   minmay_temple_curvy_branch
Abyss:2:  base: D:1, minivault_25_ag

Skill      XL: |  1  2  3  4  5  6  7  8  9 |
---------------+----------------------------+-----
Fighting       | 3 4 5 6 8 |  8.5
Dodging        | 5 7 8 10 | 10.6
Polearms       | 5 7 8 10 | 10.7
Throwing       | 3 4 5 |  5.6
Shields        | 2 |  2.5

Action                     |  1- 3 |  4- 6 |  7- 9 | 10-12 || total
---------------------------+-------+-------+-------+-------++-------
  Melee: Trident           |   119 |   155 |   365 |    45 ||   684
         Punch             |     1 |     3 |       |       ||     4
  Throw: Throwing net      |       |     4 |       |       ||     4
         Boomerang         |       |     1 |       |       ||     1
         Dart              |       |       |     2 |     1 ||     3
         Javelin           |       |       |       |     1 ||     1
    Use: Scroll            |     3 |    10 |     7 |       ||    20
         Potion            |       |       |     6 |       ||     6
   Stab: Sleeping          |     1 |       |     1 |       ||     2
         Distracted        |       |       |     1 |       ||     1
 Armour: Leather armour    |    32 |    29 |    82 |     8 ||   151
  Dodge: Dodged            |    73 |    75 |   250 |    29 ||   427
  Block: Buckler           |       |       |    18 |    12 ||    30
